 Dungeon Crawl Stone Soup version 0.31.0-11-ge490571c62 (webtiles) character file.

Game seed: 8556929429082924593

1815 ces the Skirmisher (level 8, 0/42 HPs)
             Began as a Spriggan Hunter on Jan 27, 2024.
             Was an Initiate of Gozag.
             Killed by divine providence
             ... invoked by an orc priest
              (13 damage)
             ... on level 6 of the Dungeon.
             The game lasted 00:17:52 (5861 turns).

ces the Skirmisher (Spriggan Hunter)                Turns: 5861, Time: 00:17:52

Health: 0/42       AC:  2    Str:  7    XL:     8   Next: 85%
Magic:  9/9        EV: 23    Int: 11    God:    Gozag
Gold:   256        SH:  0    Dex: 20    Spells: 6/7 levels left

rFire   . . .        a - +0 shortbow
rCold   . . .        (shield currently unavailable)
rNeg    . . .        c - +0 robe
rPois   .            (helmet restricted)
rElec   .            (no cloak)
rCorr   .            (gloves unavailable)
SInv    +            (boots unavailable)
Will    +....        (no amulet)
Stlth   ++           (no ring)
HPRegen 0.27/turn    (no ring)
MPRegen 0.11/turn

%: no passive effects
@: very quick
A: very small, no large weapons, unfitting armour, see invisible, speed 3
a: Renounce Religion, Potion Petition, Call Merchant, Bribe Branch


You were on level 6 of the Dungeon.
You worshipped Gozag.
Gozag was aware of your devotion.
You visited 2 branches of the dungeon, and saw 8 of its levels.
You also visited: Sewer.

You collected 342 gold pieces.
You paid 86 gold pieces to Gozag.

Inventory:

Hand Weapons
 a - a +0 shortbow (weapon)
Armour
 c - a +0 robe (worn)
Jewellery
 j - a ring of poison resistance
 n - a ring of positive energy
 p - a +4 ring of protection
Wands
 g - a wand of flame (25)
Scrolls
 b - a scroll of butterflies
 d - a scroll of amnesia {unknown}
 f - a scroll of revelation
 h - 2 scrolls of identify
 i - 2 scrolls of teleportation
 m - 2 scrolls of enchant weapon
 o - 3 scrolls of immolation
 q - 3 scrolls of fear
 r - a scroll of torment
Potions
 e - 2 potions of resistance
 k - a potion of ambrosia
 l - 2 potions of curing
 s - a potion of haste
 t - a potion of invisibility {unknown}
 u - a potion of enlightenment


   Skills:
 + Level 4.8 Fighting
 * Level 9.3 Ranged Weapons
 + Level 7.7 Dodging
 - Level 1.5 Stealth


You had 6 spell levels left.
You knew the following spells:

 Your Spells              Type           Power      Damage    Failure   Level
a - Kiss of Death         Conj/Necr      0%         2d5       34%         1

Your spell library contained the following spells:

 Spells                   Type           Power      Damage    Failure   Level
 Sandblast                Erth           0%         2d4       34%         1
 Slow                     Hex            0%         N/A       34%         1
 Confusing Touch          Hex            0%         N/A       71%         3
 Passwall                 Erth           0%         N/A       71%         3
 Sigil of Binding         Hex            0%         N/A       71%         3
 Stone Arrow              Conj/Erth      0%         3d7       71%         3
 Vampiric Draining        Necr           0%         2d6       71%         3
 Brom's Barrelling Bould  Conj/Erth      0%         2d3       98%         4
 Dispel Undead            Necr           0%         3d6       98%         4
 Chain Lightning          Conj/Air       0%         N/A       100%        9
 Fire Storm               Conj/Fire      0%         5d1       100%        9
 Shatter                  Erth           0%         3d5*      100%        9


Dungeon Overview and Level Annotations

Branches:
Dungeon (7/15)             Temple (1/1) D:6           Sewer (visited)

Altars:
Ashenzari
Cheibriados
Dithmenos
Elyvilon
Fedhas
Gozag
Hepliaklqana
Makhleb
Nemelex Xobeh
Okawaru
Ru
Sif Muna
Trog
Uskayaw
Wu Jian
Xom
Yredelemnul
Zin
The Shining One

Shops:
D:5 (

Annotations:
D:2 Natasha, Sigmund
D:3 1 runed translucent door, SnakkuSnakku7's ghost, weakling AtHW


Innate Abilities, Weirdness & Mutations

You are very small and have problems with some larger weapons.
You are too small for most types of armour.
You have supernaturally acute eyesight. (SInv)
You cover ground extremely quickly. (Speed+++)


Message History

The orc wizard is severely wounded.
The orc wizard barely misses you.
You shoot an arrow. The arrow hits the orc wizard.
The orc wizard is almost dead.
The orc wizard gestures at you while chanting.
The magic dart hits you!
You shoot an arrow. The arrow hits the orc wizard.
You kill the orc wizard!
You shoot an arrow. The arrow hits the orc priest.
The orc priest is lightly wounded.
The orc priest misses you.
You shoot an arrow. The arrow hits the orc priest.
The orc priest is moderately wounded.
The orc priest closely misses you.
You shoot an arrow.
The arrow closely misses the orc priest.
The orc priest closely misses you.
You shoot an arrow.
The arrow hits the orc priest but does no damage.
The orc priest is moderately wounded.
The orc priest misses you.
You shoot an arrow.
The arrow closely misses the orc priest.
The orc priest hits you with a +0 war axe!
Things that are here:
a +0 hand axe of electrocution; a +0 dagger; a +0 robe You are too injured to fight recklessly!
The orc priest casts a cantrip, but nothing happens.
You shoot an arrow. The arrow barely misses the orc priest.
You shoot an arrow. The arrow hits the orc priest.
The orc priest is heavily wounded.
You shoot an arrow. The arrow barely misses the orc priest.
The orc priest mumbles some strange prayers to Beogh against you.
Beogh smites you!
* * * LOW HITPOINT WARNING * * *
You are too injured to fight recklessly!
The orc priest invokes the aid of Beogh against you.
Beogh smites you!
You die...
Your body crumbles into a pile of gold.

#.).$.# #.###.# #.# ..
#.# ## #.# #.# #.#
#.#######################
#.o.....@................
#########################


You could see an orc priest.

Vanquished Creatures
  A water moccasin (D:6)
  Pargi (Sewer)
  3 ice beasts
  3 ogres (D:5)
  A kobold brigand (D:6)
  A bullfrog (D:6)
  4 scorpions
  A jelly (Sewer)
  A bombardier beetle (D:6)
  An orc priest (D:5)
  Natasha (twice) (D:2)
  Terence (D:3)
  6 iguanas
  6 orc wizards
  3 river rats (D:3)
  6 adders
  A shadow imp (D:6)
  A white imp (D:4)
  2 ufetubi (D:3)
  The ghost of michknight7 the Covert, a weakling GnDe (D:5)
  2 dart slugs (D:5)
  4 ribbon worms
  20 orcs
  5 ball pythons
  10 endoplasms
  3 giant cockroaches
  6 goblins
  5 hobgoblins
  4 jackals (D:1)
  4 quokkas
  6 bats
  3 frilled lizards (D:1)
  13 kobolds
  26 rats
157 creatures vanquished.

Notes
Turn   | Place    | Note
-------+----------+-------------------------------------------
     0 | D:1      | ces the Spriggan Hunter began the quest for the Orb.
     0 | D:1      | Reached XP level 1. HP: 10/10 MP: 2/2
   222 | D:1      | Reached XP level 2. HP: 14/14 MP: 3/3
   630 | D:2      | Reached XP level 3. HP: 18/18 MP: 4/4
   641 | D:2      | Noticed Natasha
   655 | D:2      | Killed Natasha
   656 | D:2      | Reached skill level 5 in Ranged Weapons
   727 | D:2      | Noticed Sigmund
   837 | D:2      | Noticed Natasha
  1053 | D:2      | Killed Natasha
  1054 | D:2      | Reached XP level 4. HP: 23/23 MP: 5/5
  1262 | D:2      | Noticed Natasha
  1312 | D:3      | Noticed Terence
  1466 | D:3      | Killed Terence
  1560 | D:3      | Reached XP level 5. HP: 26/26 MP: 6/6
  1560 | D:3      | Found a runed translucent door.
  1560 | D:3      | Noticed SnakkuSnakku7's ghost (weakling AtHW)
  1681 | D:3      | Found a faded altar of an unknown god.
  1993 | D:3      | Found a glowing drain.
  2001 | Sewer    | Entered a sewer
  2048 | Sewer    | Reached skill level 6 in Ranged Weapons
  2083 | Sewer    | Noticed Pargi
  2199 | Sewer    | Learned a level 1 spell: Kiss of Death
  2265 | Sewer    | Killed Pargi
  2266 | Sewer    | Reached XP level 6. HP: 25/32 MP: 7/7
  2643 | D:4      | Noticed an ice beast
  2933 | D:4      | Reached skill level 5 in Dodging
  3141 | D:4      | Killed an ice beast
  3142 | D:4      | Reached XP level 7. HP: 36/36 MP: 8/8
  3195 | D:5      | Entered Level 5 of the Dungeon
  3270 | D:5      | Reached skill level 7 in Ranged Weapons
  3743 | D:5      | Found Quimysk's Weapon Shoppe.
  3760 | D:5      | Found a runed translucent door.
  3760 | D:5      | Noticed michknight7's ghost (weakling GnDe)
  3833 | D:5      | Found a glowing silver altar of Zin.
  4222 | D:5      | Reached skill level 8 in Ranged Weapons
  4222 | D:5      | Reached XP level 8. HP: 40/42 MP: 9/9
  4567 | D:5      | Killed michknight7's ghost
  5011 | D:6      | Found a staircase to the Ecumenical Temple.
  5038 | Temple   | Entered the Ecumenical Temple
  5051 | Temple   | Became a worshipper of Gozag Ym Sagoz the Greedy
  5300 | D:6      | Reached skill level 9 in Ranged Weapons
  5861 | D:6      | Killed from afar by an orc priest

Illustrated notes

Levels and vault maps discovered:
D:1:      dpeg_arrival_brainrot, layout_rooms, nicolae_kite_square_tiling_tiny
D:2:      layout_basic, minmay_hexomino_u4, uniq_natasha, uniq_sigmund
D:3:      layout_rooms, hellmonk_ecumenical_altar_heavens_door,
          gammafunk_ghost_grave, gup_sewer_entry_bubbles, uniq_terence
D:4:      layout_gridville, minmay_rat_hole
D:5:      layout_rooms, lemuel_tele_altar, hellmonk_ghost_happy_afterlife,
          serial_shops, nicolae_shop_tiny_real_fake_doors,
          eino_small_chamber_without_monster, minmay_joined_circles
D:6:      layout_basic, minmay_temple_entry_ruins
D:7:      layout_gridville
Temple:   nicolae_temple_bog_church

Skill      XL: |  1  2  3  4  5  6  7  8 |
---------------+-------------------------+-----
Ranged Weapons | 5 6 8 9 |  9.3
Dodging        | 3 4 5 6 7 |  7.7
Fighting       | 2 3 4 |  4.8
Stealth        | |  1.5

Action                     |  1- 3 |  4- 6 |  7- 9 || total
---------------------------+-------+-------+-------++-------
   Fire: Shortbow          |   126 |   264 |   317 ||   707
  Evoke: Wand              |       |    13 |       ||    13
    Use: Scroll            |     3 |     4 |     3 ||    10
         Potion            |     2 |     9 |     2 ||    13
 Armour: Robe              |    22 |    21 |    23 ||    66
         Skin              |       |    41 |       ||    41
  Dodge: Dodged            |    36 |    82 |    59 ||   177
